 Dungeon Crawl Stone Soup version 0.28.0 (webtiles) character file.

Game seed: 4504187293862298477

55 GrayStillPlays the Magician (level 3, -1/29 HPs)
             Began as a Draconian Hedge Wizard on Feb 10, 2022.
             Killed from afar by an orc wizard (6 damage)
             ... with a magic dart
             ... on level 3 of the Dungeon.
             The game lasted 00:05:05 (3369 turns).

GrayStillPlays the Magician (DrWz)                  Turns: 3369, Time: 00:05:06

Health: -1/29      AC:  5    Str: 12    XL:     3   Next: 67%
Magic:  7/7        EV: 12    Int: 16    God:
Gold:   125        SH:  0    Dex: 10    Spells: 7/8 levels left

rFire   . . .      SeeInvis .   q - +0 hand axe {axe}
rCold   . . .      Faith    .   (no shield)
rNeg    . . .      Spirit   .   (armour unavailable)
rPois   .          Reflect  .   b - +0 hat
rElec   .          Harm     .   (no cloak)
rCorr   .          Rampage  .   (no gloves)
Will    .....                   (no boots)
Stlth   ++........              (no amulet)
HPRegen 0.09/turn               f - ring of flight
MPRegen 0.10/turn               (no ring)

@: flying
A: AC +5, unfitting armour, cold-blooded
a: no special abilities


You were on level 3 of the Dungeon.
You visited 1 branch of the dungeon, and saw 3 of its levels.

You collected 125 gold pieces.


Innate Abilities, Weirdness & Mutations

Your plain brown scales are hard. (AC +5)
You cannot fit into any form of body armour.
You are cold-blooded and may be slowed by cold attacks.


   Skills:
 + Level 2.1 Fighting
 + Level 2.6 Dodging
 - Level 1.7 Stealth
 - Level 3.0 Spellcasting
 - Level 1.0 Conjurations
 - Level 1.0 Summonings
 - Level 1.0 Translocations
 - Level 1.4 Poison Magic


You had 7 spell levels left.
You knew the following spells:

 Your Spells              Type           Power      Damage    Failure   Level
a - Magic Dart            Conj           20%        1d4       12%         1

Your spell library contained the following spells:

 Spells                   Type           Power      Damage    Failure   Level
 Slow                     Hex            8%         N/A       19%         1
 Blink                    Tloc           10%        N/A       19%         2
 Call Imp                 Summ           5%         N/A       19%         2
 Mephitic Cloud           Conj/Pois/Air  5%         N/A       38%         3
 Conjure Flame            Conj/Fire      4%         6-21      41%         3

Inventory:

Hand Weapons
 a - a +0 dagger {short}
 l - a +0 short sword {short}
   (You took it off a kobold on level 1 of the Dungeon)
 q - a +0 hand axe (weapon) {axe}
   (You found it on level 2 of the Dungeon)
Missiles
 e - 3 boomerangs of dispersal {=f!fthrowing}
 i - 2 atropa-tipped darts {throwing}
 j - 95 stones {throwing}
 r - 13 bolts
 s - 13 arrows
Armour
 b - a +0 hat (worn)
Magical Staves
 d - a staff of poison {!astaff}
   (You found it on level 1 of the Dungeon)
Jewellery
 f - a ring of flight (left hand)
   (You took it off a goblin on level 1 of the Dungeon)
Scrolls
 k - a scroll of fear {unknown}
 m - a scroll of teleportation {unknown}
 n - a scroll of enchant weapon {unknown}
 o - a scroll of vulnerability {unknown}
 p - 2 scrolls of noise {unknown}
Potions
 c - a potion of mutation {unknown}
 g - a potion of berserk rage {unknown}
 h - 2 potions of curing {unknown}

Dungeon Overview and Level Annotations

Branches:
Dungeon (3/15)

Altars:
Beogh

+.'..........#
###..........#
#..........#
#..........#
#..........#
###.########
#..# ### ##.#
##... #@#
#$8$8.#{#
#_o$..{o#
#.8$8.###
##..$# ####


You could see an orc priest.


Message History

😕 HP[-1]
You take 1 damage, and now have 28/29 hp.
You hit the kobold.
You kill the kobold!
No target in view!
No target in view!
No target in view!
j - 50 stones {throwing} (gained 4)
You see here a +0 club {mace}. 😎 HP[+1]
Your hp is fully restored (29).
You reach down and open the door.
There is an open door here.
You reach down and open the door.
There is an open door here.
r - 13 bolts
There is an open door here.
There is an open door here.
j - 66 stones {throwing} (gained 16)
You now have 116 gold pieces (gained 5).
j - 95 stones {throwing} (gained 29)
A ball python comes into view.
The helpless ball python fails to defend itself.
You slash the ball python!
You kill the ball python!
No target in view!
No target in view!
There is an open door here.
You reach down and open the door.
There is an open door here.
Found a stone staircase leading down.
Done exploring.
Done exploring.
Done exploring.
No target in view!
There is a stone staircase leading down here.
You fly downwards.
There is a stone staircase leading up here.
h - 2 blue potions (gained 1)
s - 13 arrows You now have 125 gold pieces (gained 9).
You reach down and open the door.
You reach down and open the door.
An orc priest and 2 orc wizards come into view.
The orc wizard shouts! x2
The orc priest mumbles some strange prayers to Beogh against you.
Beogh smites you!
The orc wizard mumbles some strange words.
The orc wizard flickers and vanishes!
Deactivating autopickup; reactivate with Ctrl-A.
Found 77 gold pieces.
Found a roughly hewn altar of Beogh. 😮 HP[-12]
You take 12 damage, and now have 17/29 hp.
MASSIVE DAMAGE!! (PAUSE)
The orc wizard points at you and mumbles some strange words.
You are confused. 😮 HP[+1]
You bump into the rock wall.
The orc wizard hits you but does no damage.
You're too confused to move!
The orc wizard hits you but does no damage.
You bump into the rock wall.
You feel less confused.
The orc wizard hits you but does no damage.
You hit the orc wizard but do no damage.
The orc wizard closely misses you. x2
You barely miss the orc wizard.
The orc priest mumbles some strange prayers to Beogh against you.
Beogh smites you!
* * * LOW HITPOINT WARNING * * *
The orc wizard closely misses you. 😱 HP[-13]
You take 13 damage, and now have 5/29 hp.
MASSIVE DAMAGE!! (PAUSE)
You closely miss the orc wizard. The orc wizard closely misses you.
The orc priest casts a cantrip, but nothing happens.
You hit the orc wizard but do no damage.
The orc wizard misses you.
The orc wizard casts a spell.
The orc wizard flickers and vanishes! 😱 HP[+1]
You miss something. Something barely misses you.
You closely miss something.
Your tail-slap misses something.
Something hits you but does no damage.
You closely miss something. Something hits you but does no damage.
You miss something. Your punch misses something.
Something hits you but does no damage. x2
You barely miss something. You tail-slap something.
Something hits you but does no damage.
You barely miss something.
The orc priest invokes the aid of Beogh against you.
Something hits you.
* * * LOW HITPOINT WARNING * * *
😱 HP[-1]
You take 1 damage, and now have 5/29 hp.
You closely miss something.
You hear some strange, mumbled words.
A magic dart appears from out of thin air!
The magic dart hits you.
You die...

Skill      XL: |  1  2  3 |
---------------+----------+-----
Dodging        | 2 |  2.6
Fighting       | 1 2 |  2.1
Poison Magic   | 1 |  1.4
Stealth        | |  1.7
Spellcasting   | |  3.0
Conjurations   | |  1.0
Summonings     | |  1.0
Translocations | |  1.0

Action                   || total
-------------------------++-------
Melee: Staff             ||    47
       Dagger            ||    26
       Tailslap          ||    17
       Short sword       ||    49
       Punch             ||     3
       Hand axe          ||    27
 Cast: Magic Dart        ||    43
 Stab: Sleeping          ||     1
Armor: Skin              ||    47
Dodge: Dodged            ||   114

Levels and vault maps discovered:
D:1:      tarquinn_simple_flora_water_c, layout_rooms,
          hellmonk_ecumenical_altar_inner_sanctum
D:2:      layout_loops_corners
D:3:      layout_basic, grunt_ministairs_9, kennysheep_orc_chapel

Notes
Turn   | Place    | Note
-------+----------+-------------------------------------------
     0 | D:1      | GrayStillPlays the Draconian Hedge Wizard began the quest
                  | for the Orb.
     0 | D:1      | Reached XP level 1. HP: 14/14 MP: 4/4
     0 | D:1      | magus.rc [v1.9.6]
   267 | D:1      | Reached skill level 2 in Dodging
   285 | D:1      | Reached skill level 1 in Fighting
   691 | D:1      | Reached XP level 2. HP: 17/23 MP: 6/6
   936 | D:1      | Found a faded altar of an unknown god.
  1644 | D:2      | Reached skill level 1 in Poison Magic
  1848 | D:2      | Reached XP level 3. HP: 18/29 MP: 7/7
  2441 | D:2      | Reached skill level 2 in Fighting
  2447 | D:2      | HP: 7/29 [worm (2)]
  3360 | D:3      | HP: 5/29 [orc priest/divine providence (13)]
  3368 | D:3      | HP: 5/29 [something (1)]
  3369 | D:3      | Killed from afar by an orc wizard

Vanquished Creatures
  An adder (D:2)
  2 worms (D:2)
  2 dart slugs
  6 ball pythons
  2 endoplasms
  3 giant cockroaches
  4 goblins
  5 hobgoblins
  2 kobolds
  2 quokkas (D:2)
  2 bats (D:1)
  A frilled lizard (D:1)
  A rat (D:1)
33 creatures vanquished.

Table legend:
 A = Non-vault XP
 B = Vault XP
 C = Vault XP percentage of total XP
 D = Non-vault monster count
 E = Vault monster count
 F = Vault count percentage of total count
                 A         B        C        D         E       F
            +---------+---------+-------+---------+---------+-------
      Total |      79 |       0 |   0.0 |      33 |       0 |   0.0
            +---------+---------+-------+---------+---------+-------
        D:1 |      31 |       0 |   0.0 |      17 |       0 |   0.0
        D:2 |      48 |       0 |   0.0 |      16 |       0 |   0.0
            +---------+---------+-------+---------+---------+-------

Illustrated notes

Table legend:
 A = Kills in this place as a percentage of kills in entire the game.
 B = Kills by you in this place as a percentage of kills by you in the entire game.
 C = Kills by friends in this place as a percentage of kills by friends in the entire game.
 D = Other kills in this place as a percentage of other kills in the entire game.
 E = Experience gained in this place as a percentage of experience gained in the entire game.
 F = Experience gained in this place divided by the number of levels of this place that you have seen.
                   A       B       C       D       E      F
               +-------+-------+-------+-------+-------+----------------------
         Total | 100.0 | 100.0 |   N/A |   N/A | 100.0 |  26.3
       Dungeon | 100.0 | 100.0 |   N/A |   N/A | 100.0 |  26.3
               +-------+-------+-------+-------+-------+----------------------

Table legend: (Time is in decaauts)
 A = Elapsed time spent in this place.
 B = Non-inter-level travel time spent in this place.
 C = Inter-level travel time spent in this place.
 D = Time resting spent in this place.
 E = Time spent auto-exploring this place.
 F = Levels seen in this place.
 G = Mean time per level.
                   A        B        C        D        E       F      G
               +--------+--------+--------+--------+--------+-----+--------+
         Total |   3393 |   3380 |     13 |    455 |   2530 |   3 | 1131.0 |
       Dungeon |   3393 |   3380 |     13 |    455 |   2530 |   3 | 1131.0 |
               +--------+--------+--------+--------+--------+-----+--------+

Top non-repeatable levels by time:
     D:2: 1812 daAuts
     D:1: 1535 daAuts
     D:3: 45 daAuts
